 Dungeon Crawl Stone Soup version 0.30-a0-862-g1aabd4f9c5 (webtiles) character file.

Game seed: 13035417383937269293

3752 cforsyth the Thaumaturge (level 9, -1/45 HPs)
             Began as a Deep Elf Earth Elementalist on Mar 8, 2023.
             Was an Initiate of Vehumet.
             Slain by Erica
             ... wielding a +3 scimitar of flaming
              (8 damage)
             ... on level 8 of the Dungeon.
             The game lasted 00:13:44 (8433 turns).

cforsyth the Thaumaturge (DEEE)                     Turns: 8433, Time: 00:13:45

Health: -1/45      AC:  3    Str:  5    XL:     9   Next: 93%
Magic:  26/28      EV: 12    Int: 25    God:    Vehumet [......]
Gold:   579        SH:  0    Dex: 15    Spells: 33/34 levels left

rFire   . . .      SeeInvis .    (no weapon)
rCold   . . .      Faith    .    (no shield)
rNeg    . . .      Spirit   .    a - +0 robe
rPois   .          Reflect  .    (no helmet)
rElec   .          Rampage  .    (no cloak)
rCorr   .                        (no gloves)
Will    .....                    g - +0 pair of boots
Stlth   ++                       (no amulet)
HPRegen 0.27/turn                (no ring)
MPRegen 0.21/turn                (no ring)

@: mighty
A: no striking features
a: Renounce Religion


You were on level 8 of the Dungeon.
You worshipped Vehumet.
Vehumet was noncommittal.
You visited 2 branches of the dungeon, and saw 9 of its levels.

You collected 579 gold pieces.

Inventory:

Missiles
 C - a throwing net
Armour
 a - a +0 robe (worn)
 g - a +0 pair of boots (worn)
Jewellery
 B - a ring of willpower
Wands
 q - a wand of polymorph (7)
 s - a wand of flame (8)
 z - a wand of charming (1)
 E - a wand of digging (8)
Scrolls
 c - a scroll of teleportation
 d - 3 scrolls of vulnerability {unknown}
 f - 6 scrolls of identify
 h - 3 scrolls of enchant armour {unknown}
 i - a scroll of magic mapping {unknown}
 j - 2 scrolls of amnesia {unknown}
 k - 2 scrolls of poison {unknown}
 l - 4 scrolls of enchant weapon {unknown}
 m - a scroll of fog {unknown}
 o - a scroll of fear {unknown}
 r - 2 scrolls of torment {unknown}
 v - 2 scrolls of blinking {unknown}
 y - 2 scrolls of noise {unknown}
Potions
 b - a potion of magic
 e - a potion of curing {unknown}
 n - 2 potions of might
 p - a potion of resistance {unknown}
 t - a potion of flight {unknown}
 u - a potion of haste {unknown}
 w - a potion of ambrosia {unknown}
 x - a potion of cancellation
 A - a potion of lignification {unknown}
 D - a potion of attraction {unknown}
 F - a potion of mutation {unknown}


   Skills:
 - Level 2.4 Dodging
 - Level 2.4 Stealth
 + Level 13.3 Spellcasting
 - Level 1.1 Transmutations
 + Level 11.5 Earth Magic


You had 33 spell levels left.
You knew the following spells:

 Your Spells              Type           Power      Damage    Failure   Level
a - Sandblast             Erth           100%       2d20      1%          1

Your spell library contained the following spells:

 Spells                   Type           Power      Damage    Failure   Level
 Passwall                 Tmut/Erth      40%        N/A       1%          2
 Stone Arrow              Conj/Erth      90%        3d12      1%          3
 Petrify                  Tmut/Erth      48%        N/A       2%          4
 Momentum Strike          Conj/Tloc      32%        3d8       5%          2
 Hailstorm                Conj/Ice       16%        3d6       11%         3
 Portal Projectile        Hex/Tloc       32%        N/A       11%         3
 Tukima's Dance           Hex            16%        N/A       11%         3
 Ice Form                 Ice/Tmut       19%        N/A       28%         4
 Blade Hands              Tmut           11%        N/A       52%         5
 Alistair's Intoxication  Tmut/Pois      12%        N/A       61%         5
 Irradiate                Conj/Tmut      9%         3d14      61%         5
 Summon Forest            Summ/Tloc      8%         N/A       67%         5
 Eringya's Noxious Bog    Tmut/Pois      9%         N/A       99%         6
 Simulacrum               Ice/Necr       8%         N/A       99%         6
 Dragon Form              Tmut           11%        N/A       100%        7
 Summon Hydra             Summ           8%         N/A       100%        7


Dungeon Overview and Level Annotations

Branches:
Dungeon (8/15)             Temple (1/1) D:7
   Lair: D:8-11

Altars:
Ashenzari
Cheibriados
Dithmenos
Elyvilon
Fedhas
Gozag
Hepliaklqana
Kikubaaqudgha
Makhleb
Nemelex Xobeh
Okawaru
Qazlal
Ru
Sif Muna
Trog
Uskayaw
Vehumet
Wu Jian
Xom
Yredelemnul
Zin
The Shining One

Shops:
D:1 :   D:4 (

Annotations:
D:6 1 runed translucent door, Crazy Yiuf
D:8 Erica


Message History

The hornet is heavily wounded.
The hornet closely misses you.
The blast of sand hits the hornet!!
You kill the hornet!
Vehumet accepts your kill.
You can't see any susceptible monsters within range! (Use Z to cast anyway.)
You can't see any susceptible monsters within range! (Use Z to cast anyway.)
There is an open door here.
There is an open door here.
Found a ring mail.
There is an open door here.
There is an open door here.
Erica is nearby!
Erica is nearby!
Erica is nearby!
The blast of sand hits Erica.
Erica is lightly wounded.
Erica shouts!
You hear a shout!
Erica hits you with a +3 scimitar of flaming!!
Erica burns you!
You are too injured to fight recklessly!
You are too injured to fight recklessly!
Casting: Sandblast (safe; 1% risk of failure)
Confirm with . or Enter, or press ? or * to list all spells.
Aiming: Sandblast (safe; 1% risk of failure)
Press: ? - help, Shift-Dir - straight line, f/p - Erica
Aim: Erica, wielding a +3 scimitar of flaming and wearing a +1 robe of willpower (lightly wounded, 84% to hit)
The blast of sand hits Erica!!
Erica is moderately wounded.
Erica gestures wildly while chanting.
Erica flickers and vanishes!
Deactivating autopickup; reactivate with Ctrl-A.
Something hits you!
* * * LOW HITPOINT WARNING * * *
Something burns you.
* * * LOW HITPOINT WARNING * * *
It was a potion of might.
You feel very mighty all of a sudden. Something hits you!
You die...

...##...#
#'#####'###########
........#
#..#...†.......#
........#
+..#...........#
#####...#
..#..........##
....##### ..##.........#
.... ####' #.....##..#
.... ..#.... #.....##..#
....
..'....##.....##..##+###
####
#....@.......#..#.....
...+
#...{#.......#..'.....
.Y.#
#....##'###'##'##.....
Y..#
..######................
...#
...................#####
...#
...................#
...#
...................#
...#
........############
[.......#


There were no monsters in sight!

Vanquished Creatures
  A two-headed ogre (D:7)
  A hornet (D:8)
  Eustachio (D:4)
  3 yaks (D:8)
  A water moccasin (D:7)
  An orc warrior (D:7)
  An ice beast (D:4)
  2 black bears (D:6)
  A centaur (D:6)
  3 kobold brigands
  4 bullfrogs
  A gnoll sergeant (D:5)
  5 wights (D:7)
  5 hounds
  A jelly (D:6)
  4 orc priests
  Ijyb (D:5)
  2 sleepcaps
  Natasha (thrice) (D:3)
  3 iguanas
  6 orc wizards
  Robin (D:3)
  9 adders
  11 gnolls
  3 white imps
  A worm (D:2)
  2 dart slugs
  26 orcs
  7 ball pythons
  3 endoplasms
  6 giant cockroaches
  8 hobgoblins
  6 quokkas
  8 bats
  3 frilled lizards (D:1)
  15 goblins
  16 kobolds
  A rat (D:2)
176 creatures vanquished.

Notes
Turn   | Place    | Note
-------+----------+-------------------------------------------
     0 | D:1      | cforsyth the Deep Elf Earth Elementalist began the quest
                  | for the Orb.
     0 | D:1      | Reached XP level 1. HP: 10/10 MP: 6/6
   151 | D:1      | Reached XP level 2. HP: 14/15 MP: 1/8
   496 | D:1      | Found Gynac's Vocational Training.
   737 | D:1      | Reached skill level 4 in Spellcasting
   863 | D:2      | Reached XP level 3. HP: 19/19 MP: 8/10
  1454 | D:2      | Reached XP level 4. HP: 24/24 MP: 9/12
  1734 | D:3      | Noticed Natasha
  1741 | D:3      | Killed Natasha
  1742 | D:3      | Reached skill level 5 in Spellcasting
  1760 | D:3      | Noticed Robin
  1762 | D:3      | Killed Robin
  1769 | D:3      | Reached skill level 5 in Earth Magic
  1887 | D:3      | Reached XP level 5. HP: 28/28 MP: 12/14
  2257 | D:3      | Noticed Natasha
  2264 | D:3      | Killed Natasha
  2533 | D:3      | Noticed Natasha
  2542 | D:3      | Killed Natasha
  2543 | D:3      | Reached skill level 6 in Spellcasting
  3226 | D:4      | Found Asefyr's Weapon Boutique.
  3231 | D:4      | Noticed an ice beast
  3238 | D:4      | Killed an ice beast
  3239 | D:4      | Reached XP level 6. HP: 32/32 MP: 11/17
  3550 | D:4      | Got the Enchiridion on the Jaunt and Toxins
  3715 | D:4      | Reached skill level 7 in Spellcasting
  3879 | D:5      | Entered Level 5 of the Dungeon
  3879 | D:5      | Noticed Eustachio
  3889 | D:4      | Killed Eustachio
  3890 | D:4      | Reached XP level 7. HP: 36/36 MP: 15/20
  3973 | D:5      | Noticed Ijyb
  3978 | D:5      | Killed Ijyb
  4020 | D:5      | Reached skill level 8 in Spellcasting
  4844 | D:6      | Reached skill level 9 in Spellcasting
  4844 | D:6      | Reached XP level 8. HP: 33/41 MP: 20/23
  5783 | D:6      | Reached skill level 10 in Spellcasting
  6020 | D:6      | Found a runed translucent door.
  6021 | D:6      | Noticed Crazy Yiuf
  6350 | D:7      | Found a shadowy altar of Dithmenos.
  6508 | D:7      | Reached skill level 11 in Spellcasting
  6525 | D:7      | Noticed a two-headed ogre
  6533 | D:7      | Killed a two-headed ogre
  6534 | D:7      | Reached skill level 10 in Earth Magic
  6534 | D:7      | Reached XP level 9. HP: 18/45 MP: 21/26
  6561 | D:7      | Reached skill level 12 in Spellcasting
  7121 | D:7      | Found a staircase to the Ecumenical Temple.
  7374 | Temple   | Entered the Ecumenical Temple
  7485 | Temple   | Became a worshipper of Vehumet
  7760 | D:8      | Noticed Erica
  8153 | D:8      | Reached skill level 13 in Spellcasting
  8433 | D:8      | Slain by Erica

Illustrated notes

Levels and vault maps discovered:
D:1:      matt_arrival_spirals, layout_basic, nicolae_shop_vocational
D:2:      layout_basic
D:3:      layout_loops_cross, uniq_natasha, uniq_robin
D:4:      layout_basic, serial_shops, shop
D:5:      layout_rooms, uniq_eustachio, uniq_ijyb
D:6:      layout_layer_cave, minmay_holes, uniq_crazy_yiuf_cottage
D:7:      layout_basic, grunt_dithmenos_smoke_and_mirrors,
          minmay_temple_entry_nine_rooms
D:8:      layout_gridville, uniq_erica, uniq_maggie
Temple:   regret_index_temple_sigil_plot

Skill      XL: |  1  2  3  4  5  6  7  8  9 |
---------------+----------------------------+-----
Spellcasting   | 4 5 6 7 9 11 13 | 13.3
Earth Magic    | 4 5 6 7 10 11 | 11.5
Dodging        | |  2.4
Stealth        | |  2.4
Transmutations | |  1.1

Action                     |  1- 3 |  4- 6 |  7- 9 || total
---------------------------+-------+-------+-------++-------
  Melee: Unarmed           |       |     4 |       ||     4
   Cast: Sandblast         |    52 |    80 |   167 ||   299
    Use: Potion            |       |     2 |     2 ||     4
         Scroll            |       |       |     2 ||     2
 Armour: Robe              |     3 |     7 |    10 ||    20
  Dodge: Dodged            |     7 |    23 |    60 ||    90

Table legend: (Time is in decaauts)
 A = Elapsed time spent in this place.
 B = Non-inter-level travel time spent in this place.
 C = Inter-level travel time spent in this place.
 D = Time resting spent in this place.
 E = Time spent auto-exploring this place.
 F = Levels seen in this place.
 G = Mean time per level.
                   A        B        C        D        E       F      G
               +--------+--------+--------+--------+--------+-----+--------+
         Total |   8592 |   8350 |    242 |   1393 |   5735 |   9 |  954.7 |
       Dungeon |   8466 |   8240 |    226 |   1393 |   5643 |   8 | 1058.2 |
        Temple |    126 |    111 |     15 |      0 |     92 |   1 |  126.0 |
               +--------+--------+--------+--------+--------+-----+--------+

Top non-repeatable levels by time:
     D:5: 1624 daAuts
     D:7: 1350 daAuts
     D:3: 1329 daAuts
     D:2: 957 daAuts
     D:4: 905 daAuts
     D:1: 831 daAuts
     D:6: 795 daAuts
     D:8: 671 daAuts
  Temple: 126 daAuts
